 Dungeon Crawl Stone Soup version 0.27-a0-1196-g3e9cee4cb2 (webtiles) character file.

Game seed: 6846403836128397012

1140 mordus the Magician (level 8, -1/58 HPs)
             Began as a Djinni Fire Elementalist on May 28, 2021.
             Slain by a gnoll
             ... wielding a +0 flail
              (7 damage)
             ... on level 4 of the Dungeon.
             The game lasted 00:26:10 (6307 turns).

mordus the Magician (Djinni Fire Elementalist)      Turns: 6307, Time: 00:26:11

Health: -1/58      AC:  3    Str:  7    XL:     8   Next: 63%
Gold:   153        EV: 14    Int: 19    God:
                   SH:  0    Dex: 14

rFire    + + .     SeeInvis .   o - +1 dagger (venom)
rCold    x . .     Faith    .   (no shield)
rNeg     . . .     Spirit   .   a - +0 robe
rPois    ∞         Reflect  .   (no helmet)
rElec    .         Harm     .   s - +0 cloak
rCorr    .         Rampage  .   (no gloves)
Will     .....                  (boots unavailable)
Stlth    ++........             (no amulet)
HPRegen  0.19/turn              (no ring)
MPRegen  0.00/turn              (no ring)

@: flying
A: sickness immunity, fire resistance 2, cold vulnerability 1, float, innate
caster, hp casting, extra vitality 1
a: no special abilities


You were on level 4 of the Dungeon.
You visited 2 branches of the dungeon, and saw 6 of its levels.

You collected 153 gold pieces.

Inventory:

Hand Weapons
 o - a +1 dagger of venom (weapon)
Missiles
 k - 2 curare-tipped darts
 n - 117 stones
 p - 42 sling bullets
Armour
 a - a +0 robe (worn)
 s - a +0 cloak (worn)
Jewellery
 m - a ring of ice
Scrolls
 c - a scroll of teleportation {unknown}
 f - a scroll of identify {unknown}
 h - a scroll of noise {unknown}
 j - a scroll of summoning {unknown}
 l - a scroll of blinking {unknown}
 q - a scroll of enchant weapon {unknown}
 t - a scroll of amnesia {unknown}
Potions
 b - a potion of invisibility {unknown}
 d - 4 potions of curing {unknown}
 e - 3 potions of degeneration {unknown}
 g - a potion of haste {unknown}
 i - a potion of flight {unknown}
 r - a potion of ambrosia {unknown}


   Skills:
 + Level 4.4 Fighting
 + Level 5.6 Dodging
 - Level 1.9 Stealth
 * Level 5.7 Spellcasting


You couldn't memorise any spells.
You knew the following spells:

 Your Spells              Type           Power      Damage    Failure   Level
a - Foxfire               Conj/Fire      100%       2x1d9     1%          1
b - Conjure Flame         Conj/Fire      27%        6-21      3%          3
c - Inner Flame           Hex/Fire       27%        N/A       3%          3
d - Sticky Flame          Conj/Fire      27%        2d5       11%         4
e - Fireball              Conj/Fire      13%        3d7       30%         5
f - Sandblast             Erth           54%        2d13      1%          1
g - Blink                 Tloc           N/A        N/A       1%          2
h - Swiftness             Air            27%        N/A       3%          3
Your spell library was empty.

Dungeon Overview and Level Annotations

Branches:
Dungeon (5/15)             Temple (1/1) D:4

Altars:
Ashenzari
Cheibriados
Fedhas
Gozag
Makhleb
Nemelex Xobeh
Okawaru
Qazlal
Ru
Sif Muna
Uskayaw
Vehumet
Xom
Zin

Shops:
D:2 (


Innate Abilities, Weirdness & Mutations

You are immune to sickness and miasma.
You are immune to poison.
Your flesh is very heat resistant. (rF++)
You are vulnerable to cold. (rC-)
You float through the air rather than walking.
You learn spells naturally, not from books.
Your magical power is your life essence.
You have superior vitality. (+4 HP)


Message History

The spell is quite dangerous to cast (30% risk of failure)!
Continue anyway?
Okay, then.
Casting: Fireball (quite dangerous; 30% risk of failure)
Confirm with . or Enter, or press ? or * to list all spells.
You conjure some foxfire!
The gnoll hits you with a +0 flail! Something hits you but does no damage.
Deactivating autopickup; reactivate with Ctrl-A.
Unknown command.
Casting: Foxfire (safe; 1% risk of failure)
Confirm with . or Enter, or press ? or * to list all spells.
You conjure some foxfire!
An orc wizard appears from thin air!
Reactivating autopickup.
The foxfire hits the gnoll!
The gnoll is almost dead.
The foxfire hits the orc wizard.
The orc wizard is moderately wounded.
The gnoll hits you with a +0 flail.
* * * LOW HITPOINT WARNING * * *
The orc wizard barely misses you.
Unknown command.
The foxfire hits the gnoll but does no damage.
The gnoll is almost dead.
The foxfire hits the orc wizard.
The orc wizard is severely wounded.
Casting: Foxfire (safe; 1% risk of failure)
Confirm with . or Enter, or press ? or * to list all spells.
You conjure some foxfire!
* * * LOW HITPOINT WARNING * * *
The gnoll hits you with a +0 flail!
* * * LOW HITPOINT WARNING * * *
The orc wizard closely misses you.
The foxfire hits the orc wizard.
The orc wizard is severely wounded.
The foxfire hits the orc wizard.
You kill the orc wizard!
The gnoll barely misses you.
You hit the gnoll but do no damage.
The gnoll is poisoned.
The gnoll is almost dead.
The gnoll hits you with a +0 flail!
You die...

# #.# #.#....# # #.# #.#....#
## #.# #.#....# .# #.#
#.#....# .######.# #.#....#
......#.###.#....#
..............>.§##
...............g..#
#..##.##..#.####@###
#..##.###.#..(.....#########
#..##.#.._..####...........#
#...#.#.#.#.............##.#
#.#.#.#...#..#####.####.##.#
#.#.#.##.##..##.##.# #.##.#
.............##.##.####.##.###
...#.........#...............#
....<........[[[...#######.###


You could see a gnoll (very poisoned).

Vanquished Creatures
  An ice beast (D:3)
  2 necrophages (D:4)
  A phantom (D:4)
  A kobold brigand (D:4)
  A bullfrog (D:5)
  A jelly (D:4)
  A centaur zombie (D:5)
  2 orc priests (D:2)
  A centaur skeleton (D:4)
  Terence (D:2)
  Natasha (thrice) (D:2)
  7 orc wizards
  8 gnolls
  6 adders
  5 dart slugs
  20 orcs
  8 ball pythons
  9 endoplasms
  2 giant cockroaches
  6 goblins
  6 hobgoblins
  3 jackals (D:1)
  4 quokkas
  4 bats
  11 frilled lizards
  13 kobolds
  4 rats (D:1)
131 creatures vanquished.

Vanquished Creatures (collateral kills)
  3 foxfires
3 creatures vanquished.

Vanquished Creatures (others)
  394 foxfires
  14 plants (D:3)
408 creatures vanquished.

Grand Total: 542 creatures vanquished

Notes
Turn   | Place    | Note
-------+----------+-------------------------------------------
     0 | D:1      | mordus the Djinni Fire Elementalist began the quest for the
                  | Orb.
     0 | D:1      | Reached XP level 1. HP: 15/15 MP: 0/0
   108 | D:1      | Reached XP level 2. HP: 18/21 MP: 0/0
   506 | D:1      | Found a faded altar of an unknown god.
   513 | D:1      | Reached XP level 3. HP: 13/25 MP: 0/0
   513 | D:1      | Learned a level 1 spell: Sandblast
  1109 | D:2      | Noticed Natasha
  1117 | D:2      | Killed Natasha
  1118 | D:2      | Reached skill level 1 in Fighting
  1118 | D:2      | Reached XP level 4. HP: 29/32 MP: 0/0
  1221 | D:2      | Noticed Natasha
  1229 | D:2      | Killed Natasha
  1524 | D:2      | Found Ugiennextecs's Weapon Boutique.
  1583 | D:2      | Noticed Terence
  1672 | D:2      | Killed Terence
  1673 | D:2      | Reached XP level 5. HP: 3/38 MP: 0/0
  1673 | D:2      | Learned a level 2 spell: Blink
  2230 | D:2      | Noticed Natasha
  2252 | D:2      | Killed Natasha
  2855 | D:3      | Noticed an ice beast
  3140 | D:3      | Reached XP level 6. HP: 30/43 MP: 0/0
  3619 | D:3      | Killed an ice beast
  3858 | D:3      | Reached XP level 7. HP: 48/49 MP: 0/0
  3858 | D:3      | Learned a level 3 spell: Swiftness
  4953 | D:4      | Reached skill level 5 in Spellcasting
  5043 | D:4      | Reached XP level 8. HP: 51/58 MP: 0/0
  5221 | D:4      | Reached skill level 5 in Dodging
  5621 | D:4      | Found a staircase to the Ecumenical Temple.
  5633 | Temple   | Entered the Ecumenical Temple
  5900 | D:5      | Entered Level 5 of the Dungeon
  5903 | D:5      | Found an opulent altar of Gozag.
  6307 | D:4      | Slain by a gnoll

Illustrated notes

Levels and vault maps discovered:
D:1:      dpeg_arrival_simpleton_c, layout_rooms, shapermc_ecumenical_altar_gd,
          minmay_octomino_j4
D:2:      layout_basic, serial_shops, shop, minmay_lizard_pond, uniq_terence,
          uniq_natasha
D:3:      minmay_bubble_buster, layout_loops_ring,
          chequers_serial_rivers_micro_b, kennysheep_decorative_pillar,
          lexackson_kobold_supper
D:4:      layout_basic, lemuel_crystal_altar, general_overflow_altar,
          minmay_temple_entry_enclosed_plants
D:5:      layout_cave_pools, overflow_temple_1_default,
          nicolae_dithmenos_the_darkroom
Temple:   minmay_freezing_vapour_temple

Skill      XL: |  1  2  3  4  5  6  7  8 |
---------------+-------------------------+-----
Fighting       | 1 2 3 4 |  4.4
Spellcasting   | 3 4 5 |  5.7
Dodging        | 3 4 5 |  5.6
Stealth        | |  1.9

Action                   |  1- 3 |  4- 6 |  7- 9 || total
-------------------------+-------+-------+-------++-------
Melee: Unarmed           |    10 |       |       ||    10
       Dagger            |     1 |    13 |    14 ||    28
 Cast: Foxfire           |    40 |    73 |   127 ||   240
       Sandblast         |       |     2 |       ||     2
       Conjure Flame     |       |     1 |     1 ||     2
Armor: Robe              |     6 |     4 |     7 ||    17
Dodge: Dodged            |    11 |    21 |    41 ||    73

Table legend: (Time is in decaauts)
 A = Elapsed time spent in this place.
 B = Non-inter-level travel time spent in this place.
 C = Inter-level travel time spent in this place.
 D = Time resting spent in this place.
 E = Time spent auto-exploring this place.
 F = Levels seen in this place.
 G = Mean time per level.
                   A        B        C        D        E       F      G
               +--------+--------+--------+--------+--------+-----+--------+
         Total |   6320 |   6205 |    115 |   1543 |   3309 |   6 | 1053.3 |
       Dungeon |   6267 |   6152 |    115 |   1543 |   3309 |   5 | 1253.4 |
        Temple |     53 |     53 |      0 |      0 |      0 |   1 |   53.0 |
               +--------+--------+--------+--------+--------+-----+--------+

Top non-repeatable levels by time:
     D:2: 2127 daAuts
     D:4: 1610 daAuts
     D:3: 1253 daAuts
     D:1: 1049 daAuts
     D:5: 226 daAuts
  Temple: 53 daAuts
